 Dungeon Crawl Stone Soup version 0.27-a0-1184-ge86db4a01e (webtiles) character file.

Game seed: 4119743244848632000

56 robertstho the Skirmisher (level 3, 0/35 HPs)
             Began as a Minotaur Berserker on May 18, 2021.
             Was a Believer of Trog.
             Slain by an orc
             ... wielding a +0 falchion
              (1 damage)
             ... on level 4 of the Dungeon.
             The game lasted 00:02:16 (1421 turns).

robertstho the Skirmisher (Minotaur Berserker)      Turns: 1421, Time: 00:02:17

Health: 0/35       AC:  6    Str: 21    XL:     3   Next: 69%
Magic:  2/2        EV: 10    Int:  5    God:    Trog [**....]
Gold:   77         SH:  0    Dex:  9    Spells: 2/2 levels left

rFire    . . .     SeeInvis .   d - +1 hand axe (elec)
rCold    . . .     Faith    .   (no shield)
rNeg     . . .     Spirit   .   a - +0 scale mail
rPois    .         Reflect  .   (helmet restricted)
rElec    .         Harm     .   (no cloak)
rCorr    .         Rampage  .   (no gloves)
Will     .....                  (no boots)
Stlth    ..........             (no amulet)
HPRegen  0.11/turn              (no ring)
MPRegen  0.08/turn              (no ring)

@: confused, attractive
A: horns 2, retaliatory headbutt
a: Renounce Religion, Berserk, Trog's Hand


You were on level 4 of the Dungeon.
You worshipped Trog.
Trog was pleased with you.
You visited 1 branch of the dungeon, and saw 3 of its levels.

You collected 101 gold pieces.
You spent 24 gold pieces at shops.

Inventory:

Hand Weapons
 d - a +1 hand axe of electrocution (weapon)
 e - a +1 spear of flaming
Armour
 a - a +0 scale mail (worn)
Scrolls
 b - 2 scrolls of enchant weapon
 c - 4 scrolls of identify
 f - 2 scrolls of blinking {unknown}
Potions
 g - a potion of attraction


   Skills:
 * Level 4.9 Fighting
 + Level 4.1 Axes
 * Level 2.8 Armour
 * Level 2.5 Dodging


You had 2 spell levels left.
You didn't know any spells.
Your spell library was empty.

Dungeon Overview and Level Annotations

Branches:
Dungeon (2/15)

Altars:

Shops:
D:1 ?[

Annotations:
D:1 Scroll shop


Innate Abilities, Weirdness & Mutations

You have a pair of horns on your head.
You reflexively headbutt those who attack you in melee.


Message History

You are too confused!
Unknown command.
You are too confused!
You are too confused!
You barely miss the orc.
The orc is heavily wounded.
You hit the orc. Lightning courses through the orc!
You kill the orc!
Trog accepts your kill.
You miss something. Something hits you. The orc closely misses you.
You miss the orc. You headbutt the orc.
The orc is severely wounded.
You miss something. Something hits you but does no damage.
The orc barely misses you.
You barely miss the orc. Your headbutt misses the orc.
The orc is severely wounded.
You barely miss something. Something hits you but does no damage.
The orc hits you with a +0 falchion.
You closely miss the orc.
The orc is severely wounded.
You closely miss something. Something hits you.
The orc hits you but does no damage.
You hear some strange, mumbled words.
A magic dart appears from out of thin air!
The magic dart hits you!
* * * LOW HITPOINT WARNING * * *
It was a potion of attraction.
You feel attractive to monsters. The orc hits you but does no damage.
You hear some strange, mumbled words.
A magic dart appears from out of thin air!
The magic dart hits you.
* * * LOW HITPOINT WARNING * * *
Okay, then.
Okay, then.
You are too confused!
You miss the orc.
The orc is severely wounded.
You miss something. The orc hits you with a +0 falchion.
You die...

## ## ... ... ##.#
#$#### ##...# ....
#.....# #.#######
....(..####.......#
......))......###.####.#
......o@).).............
.......{##.†##.##.......
.......###..##.######...
#.....# #..##.# ..
##...# #..##.# ####
#g.##.. #...... #.#####


You could see an orc.

Vanquished Creatures
  A gnoll (D:1)
  A dart slug (D:1)
  3 orcs
  4 ball pythons
  3 endoplasms (D:1)
  3 giant cockroaches
  2 goblins
  4 hobgoblins
  2 jackals (D:1)
  2 quokkas
  A bat (D:1)
  A frilled lizard (D:1)
  4 kobolds
  8 rats
39 creatures vanquished.

Notes
Turn   | Place    | Note
-------+----------+-------------------------------------------
     0 | D:1      | robertstho the Minotaur Berserker began the quest for the
                  | Orb.
     0 | D:1      | Reached XP level 1. HP: 19/19 MP: 0/0
   113 | D:1      | Found Jafovop's Magic Scroll Shop.
   138 | D:1      | Reached XP level 2. HP: 20/27 MP: 1/1
   218 | D:1      | Bought a scroll of identify for 24 gold pieces
   420 | D:1      | Found Peir's Armour Boutique.
   471 | D:1      | Reached XP level 3. HP: 34/34 MP: 2/2
  1338 | D:2      | Reached ** piety under Trog
  1388 | D:2      | You fall into a shaft and drop 2 floors!
  1420 | D:4      | HP: 1/35 [something/magic dart (4)]
  1421 | D:4      | Slain by an orc

Illustrated notes

Levels and vault maps discovered:
D:1:      elethiomel_arrival_shortcut, layout_basic, serial_shops,
          nicolae_shop_competitors_out_of_business, shop, chequers_big_river
D:2:      layout_loops_ring, hellmonk_ecumenical_altar_lost_god,
          kennysheep_generic_room_2
D:4:      layout_loops_ring, minivault_24, minivault_11, uniq_crazy_yiuf_cottage

Skill      XL: |  1  2  3 |
---------------+----------+-----
Fighting       | 4 |  4.9
Axes           | 4 |  4.1
Armour         | |  2.8
Dodging        | |  2.5

Action                   || total
-------------------------++-------
Melee: Hand axe          ||    62
       Headbutt          ||    13
  Use: Scroll            ||     1
       Potion            ||     1
Armor: Animal skin       ||     2
       Scale mail        ||    25
Dodge: Dodged            ||    35

Table legend: (Time is in decaauts)
 A = Elapsed time spent in this place.
 B = Non-inter-level travel time spent in this place.
 C = Inter-level travel time spent in this place.
 D = Time resting spent in this place.
 E = Time spent auto-exploring this place.
 F = Levels seen in this place.
 G = Mean time per level.
                   A        B        C        D        E       F      G
               +--------+--------+--------+--------+--------+-----+--------+
         Total |   1446 |   1415 |     31 |      0 |   1164 |   3 |  482.0 |
       Dungeon |   1446 |   1415 |     31 |      0 |   1164 |   3 |  482.0 |
               +--------+--------+--------+--------+--------+-----+--------+

Top non-repeatable levels by time:
     D:1: 1137 daAuts
     D:2: 274 daAuts
     D:4: 34 daAuts
